 Dungeon Crawl Stone Soup version 0.19.1 (webtiles) character file.

37854 Millan the Formicid Catastrophe (level 14, -7/105 HPs)
             Began as a Formicid Fighter on Nov 30, 2016.
             Was an Elder of Qazlal.
             Mangled by a white ugly thing (25 damage)
             ... in an ice cave.
             The game lasted 00:40:58 (14820 turns).

Millan the Formicid Catastrophe (Formicid Fighter) Turns: 14820, Time: 00:40:58

Health: -7/105     AC: 18    Str: 29    XL:     14   Next: 31%
Magic:  20/20      EV: 12    Int:  4    God:    Qazlal [****..]
Gold:   977        SH: 20    Dex: 10    Spells: 0 memorised, 13 levels left

rFire  + + .     SeeInvis +     y - +4 hand axe of Oxuhui {flame, +Blink rF+ Int-4 Stlth+}
rCold  . . .     Gourm    .     J - +5 ring mail "Nejod" {rF+ MR- SInv Stlth+}
rNeg   . . .     Faith    .     c - +0 shield
rPois  +         Spirit   .     (helmet unavailable)
rElec  .         Reflect  +     j - +0 cloak
rCorr  .         Harm     .     w - +0 pair of gloves (curse)
MR     .....                    o - +0 pair of boots
Stlth  ++........               v - +2 amulet of reflection
                                Y - +2 ring of evasion
                                e - +3 ring of strength

@: repel missiles
A: permanent stasis, dig shafts and tunnels, four strong arms, antennae 3,
rugged brown scales 1, blurry vision 1, frail 1, low mp 1, poison resistance,
wild magic 1
a: Dig, Shaft Self, Upheaval, Elemental Force, Renounce Religion


You were in an ice cave.
You worshipped Qazlal.
Qazlal was greatly pleased with you.
You were near starving.

You visited 2 branches of the dungeon, and saw 15 of its levels.
You also visited: Sewer and Ice Cave.

You collected 977 gold pieces.

Inventory:

Hand Weapons
 a - a +0 war axe
 t - a +2 flail of protection
 y - the +4 hand axe of Oxuhui (weapon) {flame, +Blink rF+ Int-4 Stlth+}
   (You found it on level 4 of the Dungeon)

   It has been specially enchanted to burn those struck by it, causing extra
   injury to most foes and up to half again as much damage against particularly
   susceptible opponents.
   Big, fiery blades are also staple armaments of hydra-hunters.
   It affects your intelligence (-4).
   It protects you from fire.
   It lets you blink.
   It makes you more stealthy.
Armour
 c - a +0 shield (worn)
 j - a +0 cloak (worn)
 l - a +0 chain mail
 o - a +0 pair of boots (worn)
 w - a cursed +0 pair of gloves (worn)
 x - a +0 pair of gloves
 J - the +5 ring mail "Nejod" (worn) {rF+ MR- SInv Stlth+}
   (You found it on level 5 of the Dungeon)

   It protects you from fire.
   It affects your resistance to hostile enchantments.
   It lets you see invisible.
   It makes you more stealthy.
 N - the +1 leather armour "Gezirphi" {Dex+3}
   (You found it on level 6 of the Dungeon)

   It affects your dexterity (+3).
 V - the +1 ring mail of the Thunderstorm {Regen+ Str-2 Int+5}
   (You found it on level 1 of the Lair of Beasts)

   It affects your strength (-2).
   It affects your intelligence (+5).
   It increases your rate of regeneration.
Jewellery
 e - a +3 ring of strength (left hand)
 k - an uncursed ring of wizardry
 v - a +2 amulet of reflection (around neck)
 M - an uncursed ring of positive energy
 Y - a +2 ring of evasion (right hand)
Wands
 D - a wand of polymorph (14/24)
 E - a wand of iceblast (5/15)
 F - a wand of lightning (9/15)
 U - a wand of teleportation (3/9)
 W - a wand of disintegration (17/24)
Scrolls
 i - 5 scrolls of blinking {unknown}
 n - 2 scrolls of noise {unknown}
 p - a scroll of fog {unknown}
 r - 6 scrolls of amnesia {unknown}
 u - 5 scrolls of enchant armour {unknown}
 G - 6 scrolls of recharging {unknown}
 H - 3 scrolls of vulnerability {unknown}
 I - 4 scrolls of magic mapping {unknown}
 L - 2 scrolls of enchant weapon {unknown}
 P - 3 scrolls of immolation {unknown}
 R - 5 scrolls of identify
 S - a scroll of summoning {unknown}
 T - 2 scrolls of fear {unknown}
 X - a scroll of acquirement {unknown}
Potions
 b - a potion of haste {unknown}
 d - a potion of might
 g - 3 potions of resistance
 s - a potion of agility
 z - 2 potions of ambrosia
 B - 6 potions of curing
 C - a potion of magic {unknown}
 K - a potion of beneficial mutation {unknown}
 O - 2 potions of lignification {unknown}
Books
 Q - a book of Power

   Spells                             Type                      Level
   a - Fulminant Prism                Conjuration/Hexes            4
   b - Iskenderun's Mystic Blast      Conjuration                  4
   c - Venom Bolt                     Conjuration/Poison           5
   d - Bolt of Magma                  Conjuration/Fire/Earth       5
   e - Iron Shot                      Conjuration/Earth            6
   f - Orb of Destruction             Conjuration                  7
   g - Spellforged Servitor           Conjuration/Summoning        7
Comestibles
 f - 8 bread rations
 h - a royal jelly
 m - 8 meat rations
 q - 12 fruits
 A - 3 slices of pizza


   Skills:
 + Level 11.6 Fighting
 + Level 10.5 Axes
 + Level 11.3 Armour
 - Level 10.5 Shields
 + Level 11.8 Invocations
 + Level 10.5 Evocations


You had 13 spell levels left.
You didn't know any spells.

Dungeon Overview and Level Annotations

Branches:
Dungeon (9/15)             Temple (0/1) D:4            Lair (6/6) D:8
  Swamp (0/4) Lair:3        Snake (0/4) Lair:4        Slime (0/5) Lair:5
    Orc: D:9-12

Altars:
Cheibriados
Dithmenos
Hepliaklqana
Kikubaaqudgha
Makhleb
Nemelex Xobeh
Qazlal
Trog
Uskayaw
Vehumet
Xom
Zin
The Shining One


Innate Abilities, Weirdness & Mutations

You are under a permanent stasis effect.
You can dig through walls and to a lower floor.
Your four strong arms can wield two-handed weapons with a shield.
You have a pair of large antennae on your head. (SInv)
You are partially covered in rugged brown scales. (AC +1, +3% HP)
Scrolls take you a little longer to read.
You are frail. (-10% HP)
Your magical capacity is low. (-10% MP)
Your system is resistant to poisons. (rPois)
Your spells are a little harder to cast, but a little more powerful.


Message History

The ice beast disappears in a puff of smoke! x3
You barely miss the white ugly thing.
You block the white ugly thing's attack.
You hit the white ugly thing. You burn the white ugly thing.
The white ugly thing is lightly wounded.
The white ugly thing pecks you but does no damage.
You hit the white ugly thing. You burn the white ugly thing.
The white ugly thing is lightly wounded.
You hit the white ugly thing. You burn the white ugly thing.
The white ugly thing is moderately wounded.
The white ugly thing closely misses you.
You hit the white ugly thing but do no damage.
The white ugly thing is moderately wounded.
The white ugly thing pecks you but does no damage.
You slash the white ugly thing! You burn the white ugly thing.
The white ugly thing is heavily wounded.
The white ugly thing pecks you!
* * * LOW HITPOINT WARNING * * *
The white ugly thing freezes you!!
You die...

############# ## #
##..(..#.....## .?$
###......#......## ....
.#.......#.......# .....
.#.......#.......#......
..............§§@u......
.#.......#....§.§#......
.#.......#....§..# .....
###.....[#......## ....
# ##..).)#.....## .!(
############# ##


You could see a white ugly thing.

Vanquished Creatures
  Josephine (Lair:6)
  4 hydras
  The ghost of Mercurio the Fighter, a novice DrAr of Ru (D:6)
  An ugly thing (IceCv)
  3 ice statues (IceCv)
  14 elephants (Lair:6)
  Psyche (D:8)
  6 black mambas
  9 spiny frogs
  2 rime drakes
  9 komodo dragons
  2 polar bears
  Prince Ribbit (Lair:3)
  2 slime creatures (Lair:5)
  A dream sheep (Lair:4)
  18 blink frogs
  8 hippogriffs
  31 yaks
  Eustachio (D:4)
  5 wraiths (Lair:6)
  A wyvern (Lair:2)
  A basilisk (Lair:5)
  A steam dragon (D:8)
  A naga (Lair:4)
  2 hell hounds (D:8)
  Duvessa (D:5)
  16 water moccasins
  10 porcupines
  6 ice beasts (IceCv)
  2 sky beasts (D:6)
  A black bear (Lair:2)
  2 ogres
  A necrophage (D:8)
  A phantom (D:8)
  5 centaurs
  10 wolves
  11 crocodiles
  A big kobold (D:5)
  12 bullfrogs
  A scorpion (D:4)
  A wyvern skeleton (D:8)
  Dowan (D:5)
  3 killer bees (D:7)
  9 wights
  An electric eel (Lair:3)
  A howler monkey (D:8)
  A crimson imp (D:7)
  6 hounds
  2 jellies (Lair:5)
  4 orc wizards
  A bullfrog skeleton (D:4)
  2 centaur skeletons (D:4)
  5 worker ants
  A worker ant zombie (D:7)
  3 gnolls
  12 adders
  A river rat (D:4)
  12 white imps (Lair:6)
  An ooze (D:5)
  An adder skeleton (D:6)
  3 worms
  2 dart slugs (D:1)
  6 leopard geckos
  25 orcs
  3 giant cockroaches
  6 goblins
  9 hobgoblins
  10 jackals
  16 kobolds
  A quokka (D:4)
  8 ball pythons
  9 bats
  9 frilled lizards
  A jackal zombie (D:7)
  A leopard gecko skeleton (D:4)
  A quokka skeleton (D:5)
  A quokka zombie (D:7)
  9 rats
  25 fungi
  4 plants
423 creatures vanquished.

Vanquished Creatures (others)
  A human (D:6)
  7 fungi
  3 plants
11 creatures vanquished.

Grand Total: 434 creatures vanquished

Notes
Turn   | Place    | Note
-------+----------+-------------------------------------------
     0 | D:1      | Millan the Formicid Fighter began the quest for the Orb.
     0 | D:1      | Reached XP level 1. HP: 18/18 MP: 1/1
    55 | D:1      | Reached XP level 2. HP: 18/24 MP: 2/2
   401 | D:1      | Reached XP level 3. HP: 29/29 MP: 3/3
  1258 | D:2      | Found a stormy altar of Qazlal.
  1322 | D:2      | Became a worshipper of Qazlal Stormbringer
  1393 | D:2      | Reached XP level 4. HP: 35/37 MP: 4/4
  1775 | D:3      | Reached XP level 5. HP: 35/42 MP: 5/5
  1786 | D:3      | Reached skill level 5 in Shields
  2013 | D:3      | Reached * piety under Qazlal
  2522 | D:4      | Reached XP level 6. HP: 49/49 MP: 6/6
  2595 | D:4      | Got a faintly glowing hand axe
  2596 | D:4      | Identified the +4 hand axe of Oxuhui {flame, +Blink rF+ Int-4 Stlth+} (You found it on level 4 of the Dungeon)
  2634 | D:4      | Found a staircase to the Ecumenical Temple.
  2733 | D:4      | Reached XP level 7. HP: 52/55 MP: 7/7
  2744 | D:4      | Found a glowing drain.
  2763 | Sewer    | Entered a sewer
  2923 | Sewer    | Reached ** piety under Qazlal
  3571 | D:4      | Reached skill level 5 in Fighting
  3807 | D:4      | Noticed Eustachio
  3822 | D:4      | Killed Eustachio
  3822 | D:4      | Reached skill level 1 in Invocations
  3822 | D:4      | Reached skill level 1 in Evocations
  3850 | D:5      | Entered Level 5 of the Dungeon
  3868 | D:5      | Reached XP level 8. HP: 58/62 MP: 9/9
  3934 | D:5      | Found a glowing silver altar of Zin.
  4100 | D:5      | Got a fine ring mail
  4111 | D:5      | Identified the +5 ring mail "Nejod" {rF+ MR- SInv Stlth+} (You found it on level 5 of the Dungeon)
  4208 | D:5      | Noticed Dowan
  4209 | D:5      | Noticed Duvessa
  4213 | D:5      | Killed Dowan
  4217 | D:5      | Killed Duvessa
  4269 | D:5      | Found a glowing golden altar of the Shining One.
  4462 | D:5      | Found a sparkling altar of Nemelex Xobeh.
  4651 | D:6      | Reached skill level 5 in Armour
  4670 | D:6      | Found a glowing silver altar of Zin.
  4790 | D:6      | Gained mutation: Your system is resistant to poisons. (rPois) [mutagenic meat]
  4791 | D:6      | Gained mutation: You are frail. (-10% HP) [mutagenic meat]
  4792 | D:6      | Gained mutation: You are partially covered in molten scales. (AC +2) [mutagenic meat]
  4793 | D:6      | Gained mutation: Your spells are a little harder to cast, but a little more powerful. [mutagenic meat]
  4907 | D:6      | Noticed Mercurio's ghost (novice DrAr)
  4943 | D:6      | Killed Mercurio's ghost
  4943 | D:6      | Reached skill level 5 in Axes
  4943 | D:6      | Reached XP level 9. HP: 42/62 MP: 9/11
  5056 | D:6      | Gained mutation: Your mind is acute. (Int +2) [mutagenic meat]
  5057 | D:6      | Gained mutation: You are very frail. (-20% HP) [mutagenic meat]
  5058 | D:6      | Gained mutation: Scrolls take you a little longer to read. [mutagenic meat]
  5059 | D:6      | Lost mutation: Your mind is acute. (Int +2) [mutagenic meat]
  5060 | D:6      | Gained mutation: You evolve. [mutagenic meat]
  5223 | D:6      | Found an ancient bone altar of Kikubaaqudgha.
  5353 | D:6      | Found a shadowy altar of Dithmenos.
  5501 | D:6      | Got a warped leather armour
  5512 | D:6      | Identified the cursed +1 leather armour "Gezirphi" {Dex+3} (You found it on level 6 of the Dungeon)
  5630 | D:7      | Gained mutation: Your magical capacity is low. (-10% MP) [potion of mutation]
  5647 | D:7      | Found a bloodstained altar of Trog.
  5651 | D:7      | Found an ancient bone altar of Kikubaaqudgha.
  5652 | D:7      | Found a hide-covered altar of Uskayaw.
  5653 | D:7      | Found a burning altar of Makhleb.
  5654 | D:7      | Found a radiant altar of Vehumet.
  5902 | D:7      | Lost mutation: You are very frail. (-20% HP) [evolution]
  5902 | D:7      | Lost mutation: You evolve. [end of evolution]
  6118 | D:7      | Reached skill level 5 in Invocations
  6118 | D:7      | Reached XP level 10. HP: 48/69 MP: 12/12
  6233 | D:7      | Found a shimmering altar of Xom.
  6234 | D:7      | Found a hazy altar of Hepliaklqana.
  6235 | D:7      | Noticed a spectral ugly thing
  6267 | D:7      | Reached *** piety under Qazlal
  6647 | D:8      | Found a staircase to the Lair.
  6692 | D:8      | Reached skill level 10 in Shields
  7238 | D:8      | Found a flagged portal.
  7358 | D:8      | Noticed Psyche
  7362 | D:8      | Killed Psyche
  7362 | D:8      | Reached skill level 5 in Evocations
  7813 | Lair:1   | Entered Level 1 of the Lair of Beasts
  8113 | Lair:1   | Got a jewelled ring mail
  8126 | Lair:1   | Identified the +1 ring mail of the Thunderstorm {Regen+ Str-2 Int+5} (You found it on level 1 of the Lair of Beasts)
  8209 | Lair:1   | Noticed a komodo dragon
  8218 | Lair:1   | Killed a komodo dragon
  8218 | Lair:1   | Reached XP level 11. HP: 75/75 MP: 14/14
  8967 | Lair:2   | Found a snail-covered altar of Cheibriados.
  8992 | Lair:2   | Reached **** piety under Qazlal
  9347 | Lair:2   | Noticed a six-headed hydra
  9359 | Lair:2   | Killed a one-headed hydra
  9699 | Lair:2   | Reached XP level 12. HP: 84/84 MP: 16/16
  9889 | Lair:2   | Noticed a four-headed hydra
  9892 | Lair:2   | Killed a one-headed hydra
 10556 | Lair:3   | Found a staircase to the Swamp.
 10658 | Lair:3   | Noticed a four-headed hydra
 10667 | Lair:3   | Killed a one-headed hydra
 10806 | Lair:3   | Noticed Prince Ribbit
 11193 | Lair:3   | Killed Prince Ribbit
 11683 | Lair:4   | Found a staircase to the Snake Pit.
 11762 | Lair:4   | Reached skill level 10 in Fighting
 11762 | Lair:4   | Reached skill level 10 in Invocations
 11915 | Lair:4   | Reached XP level 13. HP: 53/92 MP: 18/18
 12806 | Lair:5   | Reached skill level 10 in Armour
 12994 | Lair:5   | Reached ***** piety under Qazlal
 13366 | Lair:5   | Found a staircase to the Slime Pits.
 13610 | Lair:6   | Entered Level 6 of the Lair of Beasts
 13610 | Lair:6   | Noticed Josephine
 13619 | Lair:6   | Killed Josephine
 13651 | Lair:6   | Reached skill level 10 in Axes
 13743 | Lair:6   | Reached skill level 10 in Evocations
 13765 | Lair:6   | Reached XP level 14. HP: 38/101 MP: 9/20
 14221 | Lair:6   | Found a frozen archway.
 14232 | IceCv    | Entered an ice cave
 14551 | IceCv    | Gained mutation: You are partially covered in rugged brown scales. (AC +1, +3% HP) [mutagenic meat]
 14553 | IceCv    | Lost mutation: You are partially covered in molten scales. (AC +2) [mutagenic meat]
 14820 | IceCv    | Mangled by a white ugly thing

Skill      XL: |  1  2  3  4  5  6  7  8  9 10 11 12 13 |
---------------+----------------------------------------+-----
Shields        | 4 5 6 7 8 9 10 | 10.5
Fighting       | 4 5 6 7 8 10 11 | 11.6
Axes           | 3 4 5 6 7 9 10 | 10.5
Armour         | 4 5 6 7 8 9 11 | 11.3
Invocations    | 1 3 5 6 8 10 11 | 11.8
Evocations     | 1 3 4 5 7 8 10 | 10.5

Action                   |  1- 3 |  4- 6 |  7- 9 | 10-12 | 13-15 || total
-------------------------+-------+-------+-------+-------+-------++-------
Melee: War axe           |   139 |    60 |       |       |       ||   199
       Flail             |       |    79 |       |       |       ||    79
       Hand axe          |       |    43 |   316 |   558 |   321 ||  1238
Invok: Upheaval          |       |       |     2 |     3 |    11 ||    16
       Disaster Area     |       |       |       |       |     1 ||     1
 Abil: Dig               |       |     1 |     4 |     4 |     1 ||    10
  Use: Scroll            |       |       |     9 |     2 |       ||    11
       Potion            |       |       |     1 |       |     5 ||     6
  Eat: Chunk             |     2 |     4 |    21 |    20 |    11 ||    58
Armor: Scale mail        |    40 |       |       |       |       ||    40
       Chain mail        |    21 |    84 |    32 |       |       ||   137
       Ring mail         |       |       |    32 |    90 |    83 ||   205
       Leather armour    |       |       |    11 |     3 |       ||    14
Dodge: Dodged            |    51 |    57 |    63 |   117 |    97 ||   385
       Deflected         |       |       |       |       |     5 ||     5
Block: Shield            |    84 |   136 |   209 |   439 |   293 ||  1161
       Reflection        |       |       |       |     3 |     7 ||    10
